 Dungeon Crawl Stone Soup version 0.18.1-8-gdd0e5ea (webtiles) character file.

7419 nikopol the Cleaver (level 11, -11/97 HPs)
             Began as a Hill Orc Berserker on May 31, 2016.
             Was an Elder of Trog.
             Mangled by a sun demon (17 damage)
             ... on level 1 of the Abyss.
             The game lasted 00:37:37 (12827 turns).

nikopol the Cleaver (Hill Orc Berserker)           Turns: 12827, Time: 00:37:38

Health: -11/97     AC: 14    Str: 22    XL:     11   Next: 15%
Magic:  11/11      EV: 15    Int:  7    God:    Trog [****..]
Gold:   378        SH:  0    Dex: 12    Spells: 0 memorised, 10 levels left

rFire  . . .     SeeInvis +     B - +1 war axe
rCold  . . .     Gourm    .     q - +0 scale mail
rNeg   . . .     Faith    .     (no shield)
rPois  .         Spirit   .     (no helmet)
rElec  .         Dismiss  .     H - +2 cloak
rCorr  .         Reflect  .     (no gloves)
SustAt +         Harm     .     a - +1 pair of boots
MR     .....                    (no amulet)
Stlth  +.........               E - ring of Xom's Entertainment {*Contam EV+2 SInv Stlth+}
                                w - ring of sustain attributes

@: not resistant to hostile enchantments, very unstealthy
A: no striking features
a: Berserk, Trog's Hand, Brothers in Arms, Burn Spellbooks, Renounce Religion


You were on level 1 of the Abyss.
You worshipped Trog.
Trog was greatly pleased with you.
You were not hungry.

You visited 2 branches of the dungeon, and saw 10 of its levels.
You visited the Abyss 1 time.

You collected 635 gold pieces.
You spent 257 gold pieces at shops.

Inventory:

Hand Weapons
 B - a +1 war axe (weapon)
Missiles
 I - 7 tomahawks
 M - 5 javelins of returning
 N - 3 poisoned tomahawks (quivered)
 Q - 2 poisoned javelins
Armour
 a - a +1 pair of boots (worn)
 q - a +0 scale mail (worn)
 H - a +2 cloak (worn)
Jewellery
 e - an uncursed ring of protection from cold {unknown}
 w - a ring of sustain attributes (left hand)
 E - the ring of Xom's Entertainment (right hand) {*Contam EV+2 SInv Stlth+}
   (You bought it in a shop on level 6 of the Dungeon)

   [ring of evasion]

   It affects your evasion (+2).
   It lets you see invisible.
   It causes magical contamination when unequipped.
   It makes you more stealthy.
Wands
 y - a wand of iceblast (5/15)
 C - a wand of digging (15/24)
 P - a wand of teleportation (2/9)
Scrolls
 d - 2 scrolls of acquirement {unknown}
 h - a scroll of fear
 j - 5 scrolls of teleportation
 r - a scroll of amnesia {unknown}
 s - 2 scrolls of enchant weapon
 D - 2 scrolls of blinking
 F - a scroll of immolation {unknown}
 J - a scroll of recharging
 L - a scroll of fog
 O - a scroll of enchant armour {unknown}
Potions
 g - a potion of flight {unknown}
 k - 4 potions of heal wounds
 n - 2 potions of agility
 o - a potion of haste {unknown}
 p - a potion of mutation {unknown}
 u - 3 potions of brilliance
 v - 7 potions of curing
 z - a potion of might {unknown}
 G - 2 potions of ambrosia {unknown}
 R - 2 potions of resistance {unknown}
Comestibles
 b - a chunk of flesh
 c - 9 bread rations
 f - a beef jerky
 l - 7 meat rations
 K - 7 slices of pizza


   Skills:
 + Level 9.5 Fighting
 * Level 13.2 Axes
 + Level 4.6 Throwing
 + Level 8.3 Armour
 + Level 6.0 Dodging


You had 10 spell levels left.
You didn't know any spells.

Dungeon Overview and Level Annotations

Branches:
Dungeon (9/15)             Temple (0/1) D:5            Lair (1/8) D:9
    Orc: D:9-12

Altars:
Ashenzari
Cheibriados
Dithmenos
Elyvilon
Okawaru
Qazlal
Xom
Zin

Shops:
D:6 =

Annotations:
Lair:1 Sonja


Message History

You barely miss the sun demon. The sun demon hits you.
You are engulfed in flames!
* * * LOW HITPOINT WARNING * * *
You miss the sun demon. The sun demon completely misses you.
You hit the sun demon.
The sun demon is lightly wounded.
The sun demon misses you.
You barely miss the sun demon.
The sun demon is lightly wounded.
The sun demon closely misses you.
You slash the sun demon!
The sun demon is moderately wounded.
The sun demon hits you.
* * * LOW HITPOINT WARNING * * *
You are engulfed in flames!!
* * * LOW HITPOINT WARNING * * *
You barely miss the sun demon.
The sun demon is moderately wounded.
The sun demon hits you!
You die...

. #.# .#. ..
## .# ..#
#.##.# #..3#
#.@## #
#...#.# .#
#.....##.#..
#..####.##.#
.# # ...#.
.# #.......#
## ####.##
#######
...........
.. . .. .
..........
..


You could see a sun demon.

Vanquished Creatures
  Maurice (D:8)
  Joseph (D:8)
  A spiny frog (Lair:1)
  A troll (D:9)
  Grinder (D:6)
  Sigmund (D:6)
  2 yaks (D:7)
  A human (D:7)
  A hungry ghost (D:8)
  3 hippogriffs
  The ghost of buf2 the Bolt Thrower, an amateur HuHu (D:3)
  Menkaure (D:6)
  Edmund (D:6)
  A water moccasin (Lair:1)
  Duvessa (D:6)
  A porcupine (Lair:1)
  3 orc warriors (D:8)
  2 black bears
  2 sky beasts
  A necrophage (D:8)
  3 ogres
  6 phantoms
  2 wolves (D:9)
  2 centaurs (D:7)
  5 giant frogs
  Dowan (D:6)
  A scorpion (D:7)
  A water moccasin skeleton (D:7)
  12 killer bees
  4 wights (D:9)
  A howler monkey (D:6)
  2 electric eels
  A crimson imp (D:7)
  A jelly (D:7)
  Crazy Yiuf (D:3)
  A centaur skeleton (D:9)
  9 hounds
  5 orc priests
  2 giant frog skeletons
  3 iguanas
  Terence (D:3)
  2 orc wizards
  6 worker ants
  A killer bee zombie (D:5)
  2 sheep (D:7)
  A hound zombie (D:9)
  6 gnolls
  5 adders
  2 shadow imps (D:8)
  An ooze (D:1)
  An adder zombie (D:7)
  3 adder skeletons
  2 worms
  3 dart slugs
  2 giant geckos
  36 orcs
  4 ball pythons
  5 bats
  3 giant cockroaches
  11 goblins
  A hobgoblin (D:2)
  21 jackals
  4 quokkas
  A giant gecko zombie (D:8)
  7 giant newts
  5 kobolds
  A quokka skeleton (D:4)
  6 rats
  7 fungi
240 creatures vanquished.

Notes
Turn   | Place    | Note
--------------------------------------------------------------
     0 | D:1      | nikopol the Hill Orc Berserker began the quest for the Orb.
     0 | D:1      | Reached XP level 1. HP: 19/19 MP: 1/1
   341 | D:1      | Reached XP level 2. HP: 26/27 MP: 2/2
   906 | D:1      | Reached XP level 3. HP: 23/33 MP: 3/3
  1011 | D:1      | Reached ** piety under Trog
  1251 | D:2      | You fall through a shaft for 2 floors!
  1254 | D:4      | Noticed a phantom
  1814 | D:4      | Reached XP level 4. HP: 25/41 MP: 4/4
  2144 | D:3      | Noticed buf2's ghost (amateur HuHu)
  2318 | D:3      | Killed buf2's ghost
  2318 | D:3      | Reached skill level 5 in Axes
  2318 | D:3      | Reached XP level 5. HP: 47/47 MP: 5/5
  2397 | D:3      | Reached skill level 5 in Fighting
  2397 | D:3      | Reached XP level 6. HP: 30/56 MP: 6/6
  2649 | D:3      | Noticed Terence
  2658 | D:3      | Killed Terence
  4058 | D:3      | Noticed Crazy Yiuf
  4070 | D:3      | Killed Crazy Yiuf
  4070 | D:3      | Reached *** piety under Trog
  4707 | D:4      | Noticed a phantom
  4814 | D:4      | Killed a phantom
  4814 | D:4      | Reached skill level 6 in Axes
  4870 | D:4      | Reached XP level 7. HP: 61/61 MP: 7/7
  5113 | D:4      | Reached skill level 7 in Axes
  5506 | D:4      | Found a shattered altar of Ashenzari.
  5634 | D:5      | Entered Level 5 of the Dungeon
  5661 | D:5      | Reached skill level 5 in Armour
  5669 | D:5      | Got a jewelled quarterstaff
  5670 | D:5      | Identified the +5 quarterstaff "Askenwui" {crush, rN+ MP+9 Str+5 Int-5} (You found it on level 5 of the Dungeon)
  5805 | D:5      | Found an iron altar of Okawaru.
  5805 | D:5      | Found a snail-covered altar of Cheibriados.
  5806 | D:5      | Found a shimmering altar of Xom.
  5864 | D:5      | Reached XP level 8. HP: 61/70 MP: 8/8
  6261 | D:5      | Found a staircase to the Ecumenical Temple.
  6326 | D:6      | Noticed Dowan
  6327 | D:6      | Noticed Duvessa
  6337 | D:6      | Killed Duvessa
  6337 | D:6      | Reached skill level 8 in Axes
  6355 | D:6      | Killed Dowan
  6483 | D:6      | Noticed Grinder
  6493 | D:6      | Killed Grinder
  6522 | D:6      | Reached skill level 9 in Axes
  6700 | D:6      | Found a shimmering altar of Xom.
  6701 | D:6      | Noticed Sigmund
  6733 | D:6      | Killed Sigmund
  6733 | D:6      | Reached XP level 9. HP: 56/79 MP: 9/9
  6830 | D:6      | Noticed Menkaure
  6836 | D:6      | Killed Menkaure
  6836 | D:6      | Reached skill level 1 in Throwing
  7313 | D:6      | Found Zoceedef's Jewellery Boutique.
  7316 | D:6      | Bought the ring of Xom's Entertainment {*Contam EV+2 SInv Stlth+} for 257 gold pieces
  7329 | D:6      | Noticed Edmund
  7338 | D:6      | Killed Edmund
  7594 | D:7      | Reached skill level 10 in Axes
  8122 | D:7      | Found a white marble altar of Elyvilon.
  8124 | D:7      | Found a stormy altar of Qazlal.
  8131 | D:7      | Found a shadowy altar of Dithmenos.
  8134 | D:7      | Found a glowing silver altar of Zin.
  8205 | D:7      | Reached **** piety under Trog
  8205 | D:7      | Received a gift from Trog
  8549 | D:7      | HP: 3/81 [killer bee (4)]
  8900 | D:7      | Reached skill level 5 in Dodging
  8969 | D:7      | Reached skill level 11 in Axes
  9006 | D:7      | Reached XP level 10. HP: 88/88 MP: 10/10
  9727 | D:8      | Noticed Joseph
  9740 | D:8      | Killed Joseph
  9740 | D:8      | Reached skill level 12 in Axes
  9805 | D:8      | Noticed Maurice
 10354 | D:8      | Killed Maurice
 10428 | D:8      | Reached ***** piety under Trog
 10990 | D:9      | Received a gift from Trog
 11062 | D:9      | Found a staircase to the Lair.
 11334 | D:9      | Reached XP level 11. HP: 45/97 MP: 11/11
 11660 | D:9      | Reached skill level 13 in Axes
 12205 | Lair:1   | Entered Level 1 of the Lair of Beasts
 12648 | Lair:1   | Noticed Sonja
 12777 | Lair:1   | Cast into level 1 of the Abyss (Sonja)
 12819 | Abyss:1  | Noticed a sun demon
 12827 | Abyss:1  | Mangled by a sun demon

Skill      XL: |  1  2  3  4  5  6  7  8  9 10 11 |
---------------+----------------------------------+-----
Fighting       | 4 5 6 7 8 9 |  9.5
Dodging        | 2 3 4 5 6 |  6.0
Armour         | 3 4 5 6 7 8 |  8.3
Axes           | 5 6 7 9 11 12 13 | 13.2
Throwing       | 3 4 |  4.6

Action                   |  1- 3 |  4- 6 |  7- 9 | 10-12 || total
-------------------------+-------+-------+-------+-------++-------
Melee: Hand axe          |   110 |   223 |     7 |       ||   340
       War axe           |       |       |   322 |   313 ||   635
Throw: Tomahawk          |       |       |    54 |    89 ||   143
       Javelin           |       |       |       |    14 ||    14
Invok: Berserk           |     1 |     3 |     7 |     4 ||    15
       Trog's Hand       |       |       |     2 |       ||     2
       Burn Spellbooks   |       |       |       |     1 ||     1
  Use: Scroll            |       |     2 |     8 |     5 ||    15
 Stab: Sleeping          |     1 |       |       |       ||     1
  Eat: Chunk             |     4 |    12 |    16 |    15 ||    47
       Beef jerky        |       |       |     2 |     2 ||     4
       Royal jelly       |       |       |     1 |       ||     1
Armor: Animal skin       |    13 |       |       |       ||    13
       Leather armour    |    15 |     3 |       |       ||    18
       Scale mail        |       |    53 |   120 |    97 ||   270
Dodge: Dodged            |    71 |    96 |   200 |   219 ||   586
